 Dungeon Crawl Stone Soup version 0.27.1-34-g3ba077fa99 (webtiles) character file.

Game seed: 6788684896051234122

4951 Delamore the Spear-Bearer (level 10, -5/67 (79) HPs)
             Began as a Formicid Fighter on Jan 23, 2022.
             Was an Initiate of Gozag.
             Slain by a five-headed hydra (9 damage)
             ... on level 7 of the Dungeon.
             The game lasted 00:10:22 (9777 turns).

Delamore the Spear-Bearer (Formicid Fighter)        Turns: 9777, Time: 00:10:23

HP:   -5/67 (79)    AC:  9    Str: 23    XL:     10   Next: 82%
MP:   10/10         EV: 12    Int:  9    God:    Gozag
Gold: 1193          SH: 12    Dex: 10    Spells: 9/9 levels left

rFire    . . .     SeeInvis +   A - +2 spear
rCold    . . .     Faith    .   c - +1 kite shield
rNeg     . . .     Spirit   .   h - +0 chain mail
rPois    .         Reflect  .   (helmet unavailable)
rElec    .         Harm     .   (no cloak)
rCorr    .         Rampage  .   (no gloves)
Will     ++...                  (no boots)
Stlth    ..........             f - amulet of magic regeneration
HPRegen  0.21/turn              i - ring of willpower
MPRegen  0.37/turn              k - +4 ring of evasion

@: studying Polearms, heavily drained
A: permanent stasis, dig shafts and tunnels, antennae 3, four strong arms
a: Dig, Shaft Self, Renounce Religion, Potion Petition, Call Merchant, Bribe
Branch


You were on level 7 of the Dungeon.
You worshipped Gozag.
Gozag was most pleased with you.
You visited 2 branches of the dungeon, and saw 9 of its levels.
You also visited: Sewer.

You collected 1291 gold pieces.
You spent 52 gold pieces at shops.
You paid 46 gold pieces to Gozag.

Inventory:

Hand Weapons
 a - a +1 trident
 A - a +2 spear (weapon)
Missiles
 e - 34 poisoned darts (quivered)
 u - 2 throwing nets
Armour
 b - a +0 scale mail
 c - a +1 kite shield (worn)
 h - a +0 chain mail (worn)
 B - a +0 plate armour
Jewellery
 f - an amulet of magic regeneration (around neck)
 g - a ring of resist corrosion
 i - a ring of willpower (left hand)
 k - a +4 ring of evasion (right hand)
 m - a ring of positive energy
 H - a ring of protection from cold
Wands
 v - a wand of polymorph (5)
 F - a wand of iceblast (2)
Scrolls
 l - a scroll of silence
 t - a scroll of summoning
 w - a scroll of enchant weapon
 x - 3 scrolls of noise
 y - 2 scrolls of fear
 C - a scroll of magic mapping
 D - 3 scrolls of fog
 E - a scroll of immolation
 G - a scroll of enchant armour
Potions
 d - a potion of might
 j - a potion of heal wounds
 n - 2 potions of flight
 o - a potion of berserk rage {unknown}
 p - a potion of mutation
 q - 6 potions of curing
 r - 3 potions of degeneration
 s - a potion of haste {unknown}
 z - 2 potions of cancellation {unknown}


   Skills:
 + Level 7.5 Fighting
 + Level 13.6 Polearms
 - Level 5.0 Armour
 - Level 9.0 Shields


You had 9 spell levels left.
You didn't know any spells.
Your spell library contained the following spells:

 Spells                   Type           Power      Damage    Failure   Level
 Static Discharge         Conj/Air       0%         N/A       99%         2
 Gell's Gravitas          Tloc           0%         N/A       100%        3
 Lesser Beckoning         Tloc           0%         N/A       100%        3
 Teleport Other           Tloc           0%         N/A       100%        3
 Lightning Bolt           Conj/Air       0%         1d11      100%        5
 Manifold Assault         Tloc           0%         N/A       100%        5
 Dispersal                Tloc           0%         N/A       100%        6
 Maxwell's Capacitive Co  Air            0%         ∞         100%        8
 Blink                    Tloc           Unusable   N/A       N/A         2

Dungeon Overview and Level Annotations

Branches:
Dungeon (8/15)             Temple (1/1) D:4           Sewer (visited)
   Lair: D:8-11

Altars:
Ashenzari
Elyvilon
Fedhas
Gozag
Okawaru
Qazlal
Ru
Sif Muna
Trog
Uskayaw
Vehumet
Wu Jian
Xom
Yredelemnul

Shops:
D:1 !


Innate Abilities, Weirdness & Mutations

You cannot be hasted, slowed, berserked, paralysed or teleported.
You can dig through walls and to a lower floor.
You have a pair of large antennae on your head. (SInv)
Your four strong arms can wield two-handed weapons with a shield.


Message History

Aim: a five-headed hydra (heavily wounded)
The mass of ice explodes!
The iceblast engulfs the five-headed hydra!
The five-headed hydra is heavily wounded.
That's the wrong kind of item! (Use * to select it.) Evoke which item? (* to show all) (? for menu, Esc to quit)
Okay, then.
You puncture the five-headed hydra!
The five-headed hydra is severely wounded.
You hit the five-headed hydra.
The five-headed hydra is severely wounded.
You block the five-headed hydra's attack. x2
The five-headed hydra bites you! The five-headed hydra bites you. x2
You completely miss the five-headed hydra.
The five-headed hydra is severely wounded.
You hit the five-headed hydra.
The five-headed hydra is severely wounded.
You block the five-headed hydra's attack.
The five-headed hydra bites you. x2
The five-headed hydra bites you but does no damage.
The five-headed hydra closely misses you.
You hit the five-headed hydra.
The five-headed hydra is almost dead.
You puncture the five-headed hydra!
The five-headed hydra is almost dead.
The five-headed hydra bites you!
The five-headed hydra bites you but does no damage.
You block the five-headed hydra's attack. x2
The five-headed hydra bites you!
* * * LOW HITPOINT WARNING * * *
You hit the five-headed hydra but do no damage.
The five-headed hydra is almost dead.
You hit the five-headed hydra.
The five-headed hydra is almost dead.
You block the five-headed hydra's attack.
The five-headed hydra bites you!
* * * LOW HITPOINT WARNING * * *
The five-headed hydra bites you!
You die...
Your body crumbles into a pile of gold.

#. ## ..# #.
...##. .#.#.#..#
...#...≈###
..[....≈..#
......≈D..######.#
.....≈≈.@.........
......≈.>.########
......≈...#
.....≈≈...#
#####≈≈.### #≈≈..#
#≈≈≈..# ##≈#..#
###..#


You could see a five-headed hydra.

Vanquished Creatures
  Pikel (D:6)
  A hornet (D:8)
  Grinder (D:6)
  Sigmund (D:2)
  The ghost of Kaptain the Digger, an amateur GrEE (D:3)
  3 water moccasins
  A sky beast (D:6)
  Duvessa (D:4)
  3 ice beasts
  A necrophage (D:6)
  4 ogres
  2 centaurs
  Blork the orc (D:6)
  A gnoll sergeant (D:8)
  3 bullfrogs
  5 scorpions
  Dowan (D:4)
  A water moccasin zombie (D:5)
  A killer bee (D:6)
  3 water moccasin skeletons
  8 wights
  4 howler monkeys
  2 bullfrog skeletons (D:6)
  A centaur skeleton (D:6)
  2 centaur zombies
  9 hounds
  A gnoll shaman (D:8)
  An orc priest (D:5)
  2 iguanas (D:6)
  3 orc wizards
  Natasha (thrice) (D:4)
  A hound skeleton (D:3)
  A howler monkey zombie (D:6)
  8 gnolls
  2 howler monkey skeletons
  15 adders
  A shadow imp (D:6)
  A white imp (D:6)
  An ufetubus (D:6)
  A worm (D:6)
  4 dart slugs
  12 orcs
  10 ball pythons
  14 endoplasms
  13 giant cockroaches
  5 goblins
  8 hobgoblins
  16 quokkas
  2 bats
  16 frilled lizards
  6 kobolds
  3 rats
212 creatures vanquished.

Notes
Turn   | Place    | Note
-------+----------+-------------------------------------------
     0 | D:1      | Delamore the Formicid Fighter began the quest for the Orb.
     0 | D:1      | Reached XP level 1. HP: 18/18 MP: 1/1
   120 | D:1      | Reached XP level 2. HP: 24/24 MP: 2/2
   435 | D:1      | Reached XP level 3. HP: 26/29 MP: 3/3
   545 | D:1      | Found Zotootup's Distillery.
   890 | D:2      | Found a faded altar of an unknown god.
   905 | D:2      | Reached skill level 3 in Polearms
   958 | D:2      | Found a shimmering altar of Xom.
  1023 | D:2      | Noticed Sigmund
  1144 | D:3      | Reached XP level 4. HP: 30/35 MP: 4/4
  1336 | D:3      | Reached skill level 5 in Shields
  1397 | D:2      | Killed Sigmund
  1398 | D:2      | Reached skill level 4 in Polearms
  1398 | D:2      | Reached XP level 5. HP: 32/41 MP: 5/5
  1398 | D:2      | Reached XP level 6. HP: 37/47 MP: 6/6
  2024 | D:3      | Noticed a water moccasin
  2034 | D:3      | Killed a water moccasin
  2035 | D:3      | Reached skill level 5 in Polearms
  2035 | D:3      | Reached XP level 7. HP: 23/52 MP: 7/7
  2254 | D:1      | Bought a potion of curing for 39 gold pieces
  2254 | D:1      | Bought a potion of degeneration for 13 gold pieces
  2387 | D:3      | Found a runed translucent door.
  2387 | D:3      | Noticed Kaptain's ghost (amateur GrEE)
  2637 | D:3      | Killed Kaptain's ghost
  3055 | D:4      | Noticed Natasha
  3065 | D:4      | Killed Natasha
  3178 | D:4      | Reached skill level 6 in Polearms
  3178 | D:4      | Reached XP level 8. HP: 31/58 MP: 8/8
  3312 | D:4      | Noticed Natasha
  3329 | D:4      | Killed Natasha
  3356 | D:4      | Noticed Duvessa
  3363 | D:4      | Noticed Dowan
  3388 | D:4      | Killed Duvessa
  3395 | D:4      | Killed Dowan
  3662 | D:4      | Found a staircase to the Ecumenical Temple.
  3744 | D:4      | Noticed Natasha
  3757 | D:4      | Killed Natasha
  3784 | Temple   | Entered the Ecumenical Temple
  3913 | Temple   | Became a worshipper of Gozag Ym Sagoz the Greedy
  4382 | D:5      | Entered Level 5 of the Dungeon
  4561 | D:5      | Reached skill level 7 in Polearms
  4987 | D:5      | Reached skill level 8 in Polearms
  4987 | D:5      | Reached XP level 9. HP: 22/64 MP: 9/9
  5694 | D:5      | Noticed a two-headed ogre
  6063 | D:6      | Reached skill level 9 in Polearms
  6093 | D:6      | Reached skill level 10 in Polearms
  6128 | D:6      | Noticed Grinder
  6141 | D:6      | Killed Grinder
  6142 | D:6      | Reached skill level 11 in Polearms
  6199 | D:6      | Found a glowing drain.
  6220 | Sewer    | Entered a sewer
  6796 | D:6      | Noticed Pikel
  6824 | D:6      | Killed Pikel
  6825 | D:6      | Reached XP level 10. HP: 42/73 MP: 10/10
  7345 | D:6      | Reached skill level 5 in Fighting
  7345 | D:6      | Reached skill level 12 in Polearms
  7345 | D:6      | Reached skill level 5 in Armour
  7349 | D:6      | Noticed Blork the orc
  7453 | D:6      | Killed Blork the orc
  8396 | D:6      | Reached skill level 13 in Polearms
  8532 | D:7      | You fall into a shaft and drop 1 floor!
  9764 | D:7      | Noticed a five-headed hydra
  9777 | D:7      | Slain by a five-headed hydra

Illustrated notes

Levels and vault maps discovered:
D:1:      minmay_arrival_nine_rooms, layout_loops_ring, serial_shops,
          nicolae_diamond_shop
D:2:      layout_rooms, ebering_ecumenical_altar_ruins, basic_altar,
          wander_ebering_terrifying_dragon_lair, uniq_sigmund
D:3:      layout_loops_ring, hellmonk_ghost_happy_afterlife
D:4:      layout_basic, minmay_temple_entry_poolview, patterned_corridor,
          uniq_duvessa, uniq_natasha
D:5:      layout_basic, minmay_manual_macuahuitl
D:6:      kennysheep_windowed_halls, layout_loops_ring, portal_sewer_entry_a,
          uniq_blork_the_orc, uniq_pikel, uniq_grinder
D:7:      old_forge, layout_rooms, mainiacjoe_overflow_tiny_flanked,
          serial_shops, shop, chequers_serial_rivers_marsh, minmay_fountain_box,
          chequers_serial_rivers_small_a
D:8:      layout_cave_pools
Temple:   minmay_crystal_snake_temple

Skill      XL: |  1  2  3  4  5  6  7  8  9 10 |
---------------+-------------------------------+-----
Shields        | 4 6 7 9 |  9.0
Polearms       | 3 4 5 6 8 11 13 | 13.6
Fighting       | 4 7 |  7.5
Armour         | 4 5 |  5.0

Action                   |  1- 3 |  4- 6 |  7- 9 | 10-12 || total
-------------------------+-------+-------+-------+-------++-------
Melee: Trident           |   119 |    96 |   603 |   190 ||  1008
       Spear             |       |       |       |   204 ||   204
Throw: Dart              |     2 |     4 |       |       ||     6
 Abil: Dig               |       |       |     1 |     1 ||     2
       Shaft Self        |       |       |       |     1 ||     1
Evoke: Wand              |       |       |       |     4 ||     4
  Use: Scroll            |     3 |     3 |     6 |     3 ||    15
       Potion            |       |       |     1 |     2 ||     3
 Stab: Distracted        |       |       |     3 |     1 ||     4
Armor: Scale mail        |     5 |       |       |       ||     5
       Chain mail        |    42 |    30 |    97 |    48 ||   217
Dodge: Dodged            |    36 |    40 |   134 |   106 ||   316
Block: Kite shield       |    43 |    49 |   255 |   203 ||   550
